 Dungeon Crawl Stone Soup version 0.20.1-1-g8b1a95d (webtiles) character file.

89 n0claF the Caller (level 4, -1/25 HPs)
             Began as a Deep Elf Summoner on Oct 31, 2017.
             Slain by Pikel
             ... wielding a +0 whip of flaming
              (9 damage)
             ... on level 4 of the Dungeon.
             The game lasted 00:10:21 (2517 turns).

n0claF the Caller (Deep Elf Summoner)               Turns: 2517, Time: 00:10:22

Health: -1/25      AC:  3    Str:  5    XL:     4   Next: 31%
Magic:  0/12       EV: 13    Int: 21    God:
Gold:   82         SH:  0    Dex: 15    Spells: 2/12 levels left

rFire    . . .     SeeInvis .   t - +0 halberd
rCold    . . .     Gourm    +   (shield currently unavailable)
rNeg     . . .     Faith    .   a - +0 robe
rPois    +         Spirit   .   (no helmet)
rElec    .         Reflect  .   (no cloak)
rCorr    .         Harm     .   p - +0 pair of gloves
MR       .....                  (no boots)
Stlth    ++........             n - amulet of the gourmand
Regen    0.1/turn               l - ring of poison resistance
MPRegen  0.2/turn               (no ring)

@: no status effects
A: no striking features
a: no special abilities


You were on level 4 of the Dungeon.
You were not hungry.

You visited 1 branch of the dungeon, and saw 4 of its levels.

You collected 82 gold pieces.

Inventory:

Hand Weapons
 t - a +0 halberd (weapon)
Armour
 a - a +0 robe (worn)
 p - a +0 pair of gloves (worn)
Jewellery
 l - a ring of poison resistance (left hand)
 n - an amulet of the gourmand (around neck)
 u - an uncursed ring of flight {unknown}
Scrolls
 d - 6 scrolls of identify {unknown}
 e - 3 scrolls of blinking {unknown}
 f - 2 scrolls of remove curse {unknown}
 i - 2 scrolls of teleportation {unknown}
 m - a scroll of random uselessness {unknown}
 q - a scroll of magic mapping {unknown}
 r - 2 scrolls of enchant armour {unknown}
 v - a scroll of fog {unknown}
Potions
 j - 2 potions of lignification {unknown}
 k - a potion of brilliance {unknown}
 o - a potion of cancellation {unknown}
 s - 2 potions of mutation {unknown}
Books
 b - a book of Callings

   Spells                             Type                      Level
   a - Summon Small Mammal            Summoning                    1
   b - Call Imp                       Summoning                    2
   c - Call Canine Familiar           Summoning                    3
   d - Summon Guardian Golem          Hexes/Summoning              3
   e - Summon Lightning Spire         Summoning/Air                4
   f - Summon Ice Beast               Ice/Summoning                4
Comestibles
 c - 4 bread rations
 g - 4 meat rations
 h - a royal jelly


   Skills:
 + Level 1.0 Fighting
 + Level 0.4 Polearms
 + Level 2.9 Dodging
 - Level 2.4 Stealth
 - Level 0.1 Unarmed Combat
 + Level 4.5 Spellcasting
 + Level 5.0 Summonings


You had 2 spell levels left.
You knew the following spells:

 Your Spells              Type           Power        Failure   Level  Hunger
a - Summon Small Mammal   Summ           ####         1%          1    None
b - Call Imp              Summ           ####....     2%          2    #......
c - Call Canine Familiar  Summ           ####....     4%          3    ##.....
d - Summon Ice Beast      Ice/Summ       ###.....     38%         4    ####...


Dungeon Overview and Level Annotations

Branches:
Dungeon (4/15)
 Temple: D:4-7

Altars:

Annotations:
D:4 Pikel


Message History

Your hound's corpse disappears in a puff of smoke!
The iguana bites your crimson imp but does no damage.
The slave hits you. Pikel misses you.
You are too injured to fight recklessly!
You closely miss Pikel.
Pikel is moderately wounded.
Your crimson imp hits Pikel.
The slave hits your crimson imp.
The iguana closely misses your crimson imp.
The slave hits you but does no damage. Pikel hits you but does no damage.
Your crimson imp hits Pikel.
The slave misses your crimson imp.
Your crimson imp blinks!
Your crimson imp barely misses Pikel.
The iguana barely misses your crimson imp.
Your crimson imp hits the slave but does no damage.
The slave hits your crimson imp.
Your crimson imp hits the slave.
Casting: Summon Small Mammal
Confirm with . or Enter, or press ? or * to list all spells.
The slave hits you. The slave barely misses you.
Pikel hits you with a whip of flaming!
You die...

....... .......
.......
##+#####§......
#..............
#...5.b.....≈≈≈
+....pKp5..8≈≈≈
.#+###....@p5p...≈≈≈
........####.l....(.
........#..#........
........'..#........
........#..#........
........####........
####+##..<.#####+##.
#....# #....+


You could see Pikel, 4 slaves, an iguana, 3 friendly crimson imps and a friendly
bat.

Vanquished Creatures
  A worm (D:3)
  A giant cockroach (D:3)
  A hobgoblin (D:3)
  A bat (D:3)
  A frilled lizard (D:1)
5 creatures vanquished.

Vanquished Creatures (collateral kills)
  Natasha (twice) (D:2)
  3 gnolls (D:2)
  An adder (D:2)
  An ooze (D:2)
  A worm (D:3)
  A dart slug (D:2)
  4 leopard geckos
  4 bats
  A giant cockroach (D:1)
  4 goblins
  4 hobgoblins
  11 kobolds
  2 quokkas
  A ball python (D:1)
  4 frilled lizards
  7 rats
51 creatures vanquished.

Vanquished Creatures (others)
  2 plants (D:1)
2 creatures vanquished.

Grand Total: 58 creatures vanquished

Notes
Turn   | Place    | Note
-------+----------+-------------------------------------------
     0 | D:1      | n0claF the Deep Elf Summoner began the quest for the Orb.
     0 | D:1      | Reached XP level 1. HP: 10/10 MP: 6/6
   533 | D:1      | Reached XP level 2. HP: 15/15 MP: 6/8
   544 | D:1      | Learned a level 2 spell: Call Imp
  1218 | D:2      | Reached XP level 3. HP: 19/19 MP: 10/10
  1223 | D:2      | Learned a level 3 spell: Call Canine Familiar
  1330 | D:2      | Noticed Natasha
  1343 | D:2      | Killed Natasha
  1539 | D:2      | Reached skill level 5 in Summonings
  1704 | D:2      | Noticed Natasha
  1711 | D:2      | Killed Natasha
  1711 | D:2      | Reached XP level 4. HP: 22/24 MP: 4/12
  1720 | D:2      | Learned a level 4 spell: Summon Ice Beast
  2179 | D:3      | Reached skill level 1 in Fighting
  2502 | D:4      | Noticed a slave
  2502 | D:4      | Noticed a slave
  2503 | D:4      | Noticed a slave
  2505 | D:4      | Noticed Pikel
  2505 | D:4      | Noticed a slave
  2517 | D:4      | Slain by Pikel

Skill      XL: |  1  2  3  4 |
---------------+-------------+-----
Spellcasting   | 4 |  4.5
Summonings     | 5 |  5.0
Fighting       | 1 |  1.0
Polearms       | |  0.4
Dodging        | |  2.9
Stealth        | |  2.4
Unarmed Combat | |  0.1

Action                   |  1- 3 |  4- 6 || total
-------------------------+-------+-------++-------
Melee: Unarmed           |     1 |       ||     1
       Halberd           |     2 |    22 ||    24
       Whip              |     1 |       ||     1
 Cast: Summon Small Mamm |    22 |     2 ||    24
       Call Imp          |    17 |     6 ||    23
       Call Canine Famil |     8 |     7 ||    15
 Stab: Sleeping          |       |     1 ||     1
  Eat: Chunk             |     3 |     4 ||     7
Armor: Robe              |     2 |     8 ||    10
Dodge: Dodged            |    20 |    15 ||    35
